 Dungeon Crawl Stone Soup version 0.27-a0-869-g165b36e3f0 (webtiles) character file.

Game seed: 5100199694937372478

6894 jasper the Unseen (level 10, -7/44 HPs)
             Began as a Spriggan Enchanter on Apr 2, 2021.
             Was a Believer of Dithmenos.
             Killed from afar by a steam dragon (17 damage)
             ... with a ball of steam
             ... on level 8 of the Dungeon.
             The game lasted 00:23:06 (10380 turns).

jasper the Unseen (Spriggan Enchanter)             Turns: 10380, Time: 00:23:06

Health: -7/44      AC:  4    Str:  4    XL:     10   Next: 79%
Magic:  13/15      EV: 22    Int: 19    God:    Dithmenos [**....]
Gold:   408        SH:  0    Dex: 17    Spells: 3/15 levels left

rFire    . . .     SeeInvis +   l - +0 dagger (drain)
rCold    + . .     Faith    .   (shield restricted)
rNeg     . . .     Spirit   .   z - +2 robe {rC+}
rPois    +         Reflect  .   (helmet restricted)
rElec    .         Harm     .   (no cloak)
rCorr    .         Rampage  .   (gloves unavailable)
Will     +....                  (boots unavailable)
Stlth    ++++++++..             n - amulet of regeneration
HPRegen  1.14/turn              v - ring of poison resistance
MPRegen  0.14/turn              (no ring)

@: about to teleport, hasted, wreathed by umbra, very quick
A: very small, no large weapons, unfitting armour, see invisible, speed 3
a: Renounce Religion, Shadow Step


You were on level 8 of the Dungeon.
You worshipped Dithmenos.
Dithmenos was pleased with you.
You visited 2 branches of the dungeon, and saw 10 of its levels.

You collected 408 gold pieces.

Inventory:

Hand Weapons
 a - a +1 dagger
 l - a +0 dagger of draining (weapon)
 o - a +2 falchion of electrocution
 C - a +0 short sword of freezing
Missiles
 c - 12 boomerangs of dispersal
 d - 8 boomerangs (quivered)
 e - 4 datura-tipped darts
 g - 8 curare-tipped darts
 m - 7 atropa-tipped darts
 s - 19 poisoned darts
Armour
 b - a +1 robe
 x - a +0 hat
 z - a +2 robe of cold resistance (worn)
Jewellery
 n - an amulet of regeneration (around neck)
 v - a ring of poison resistance (left hand)
 B - a ring of wizardry
Scrolls
 f - a scroll of identify
 i - a scroll of teleportation
 q - 2 scrolls of enchant armour
 y - a scroll of vulnerability
Potions
 h - a potion of attraction
 j - a potion of flight
 p - a potion of degeneration {unknown}
 r - 2 potions of lignification {unknown}
 t - a potion of ambrosia {unknown}
 u - a potion of mutation {unknown}
 w - a potion of resistance {unknown}
 A - 3 potions of curing {unknown}


   Skills:
 + Level 4.1 Short Blades
 - Level 8.8 Dodging
 * Level 15.8 Stealth
 - Level 3.0 Spellcasting
 * Level 11.9 Hexes
 - Level 3.0 Ice Magic


You had 3 spell levels left.
You knew the following spells:

 Your Spells              Type           Power      Damage    Failure   Level
a - Corona                Hex            53%        N/A       1%          1
b - Ensorcelled Hibernat  Hex/Ice        62%        N/A       1%          2
c - Confusing Touch       Hex            48%        N/A       1%          3
d - Tukima's Dance        Hex            48%        N/A       1%          3
e - Dazzling Flash        Conj/Hex       50%        N/A       4%          3

Your spell library contained the following spells:

 Spells                   Type           Power      Damage    Failure   Level
 Summon Guardian Golem    Hex/Summ       25%        N/A       4%          3
 Summon Small Mammal      Summ           8%         N/A       16%         1
 Call Imp                 Summ           2%         N/A       22%         2
 Call Canine Familiar     Summ           2%         N/A       41%         3
 Summon Ice Beast         Ice/Summ       8%         N/A       63%         4
 Summon Lightning Spire   Summ/Air       2%         N/A       83%         4


Dungeon Overview and Level Annotations

Branches:
Dungeon (9/15)             Temple (1/1) D:7
   Lair: D:8-11         Orc: D:9-12

Altars:
Cheibriados
Dithmenos
Elyvilon
Gozag
Hepliaklqana
Kikubaaqudgha
Nemelex Xobeh
Qazlal
Sif Muna
Uskayaw
Zin

Shops:
D:9 *

Annotations:
D:4 2 transporters
D:8 Psyche


Innate Abilities, Weirdness & Mutations

You are very small and have problems with some larger weapons.
You are too small for most types of armour.
You have supernaturally acute eyesight. (SInv)
You cover ground extremely quickly. (Speed+++)


Message History

Done waiting.
There is a stone staircase leading down, spattered with blood here.
You climb downwards.
The orc completely misses you. The orc misses you.
The steam dragon breathes steam at you. The ball of steam misses you.
The vampire barely misses you. The vampire closely misses you.
There is a stone staircase leading up, spattered with blood here.
You are engulfed in a cloud of scalding steam.
The orc misses you.
The steam dragon completely misses you. x2
The orc priest invokes the aid of Beogh against you.
Beogh smites you! The hornet closely misses you.
The vampire points at itself and mumbles some strange words.
The vampire flickers and vanishes for a moment.
You climb upwards.
Level annotation: Psyche
There is a stone staircase leading down, spattered with blood here.
You take 21 damage, and have 23/44 hp.
MASSIVE DAMAGE!!
Casting: Ensorcelled Hibernation (safe; 1% risk of failure)
Confirm with . or Enter, or press ? or * to list all spells.
Aiming: Ensorcelled Hibernation (safe; 1% risk of failure)
Press: ? - help, Shift-Dir - straight line, f - orc
Aim: an orc, wielding a +4 flail and wearing a +0 leather armour (umbra, chance to affect: 76%)
The orc struggles to resist.
The orc barely misses you. The steam dragon barely misses you.
The steam dragon claws you but does no damage.
The vampire misses you. The vampire bites you!
* * * LOW HITPOINT WARNING * * *
The vampire draws strength from your injuries!
You take 12 damage, and have 11/44 hp.
MASSIVE DAMAGE!!
You now have 13/15 mp.
As you read the scroll of teleportation, it crumbles to dust.
You feel strangely unstable. The steam dragon completely misses you.
The steam dragon claws you but does no damage.
The orc completely misses you. The vampire hits you.
* * * LOW HITPOINT WARNING * * *
The vampire completely misses you.
You take 2 damage, and have 9/44 hp.
It was a potion of haste.
You feel yourself speed up. The steam dragon breathes steam at you.
The ball of steam hits you!
You die...

##'###....
#....###'#
#........#
#.....####
#####)[)..#
#...+..[..#
##.###....##
####......#+###
#@o.............
#VD.............
#.##..#..(....##
####......########
#.........<#.#...#
###.#..........#.#.#
#.........(....#.#.#
#..............#.#.#
#............#.#.#.#


You could see a vampire (invisible), a steam dragon (catching breath) and an
orc.

Vanquished Creatures
  Pikel (D:4)
  Joseph (D:8)
  An unseen horror (D:7)
  A kobold demonologist (D:8)
  Sigmund (D:2)
  A shadow (D:7)
  2 wyverns
  6 yaks
  Grum (D:8)
  A vampire mosquito (D:7)
  A steam dragon (D:7)
  Menkaure (D:4)
  A water moccasin (D:7)
  2 ice beasts (D:7)
  2 orc warriors
  A necrophage (D:7)
  3 sky beasts
  A black bear (D:7)
  An ogre (D:6)
  2 wolves (D:8)
  A centaur (D:6)
  A lemure (D:3)
  2 phantoms (D:5)
  2 kobold brigands
  4 bullfrogs
  4 scorpions
  A water moccasin zombie (D:5)
  A wyvern skeleton (D:7)
  A water moccasin skeleton (D:6)
  A wight (D:7)
  6 killer bees
  A howler monkey (D:7)
  2 jellies
  An electric eel (D:8)
  A centaur zombie (D:9)
  3 bullfrog zombies
  3 hounds
  4 orc priests
  4 iguanas
  5 orc wizards
  A killer bee zombie (D:7)
  A hound skeleton (D:4)
  7 adders
  11 gnolls
  A howler monkey skeleton (D:7)
  A white imp (D:8)
  3 ufetubi
  An adder zombie (D:5)
  2 worms (D:3)
  2 dart slugs
  24 orcs
  2 ball pythons (D:1)
  2 bats
  An endoplasm (D:2)
  6 giant cockroaches
  A goblin (D:1)
  7 hobgoblins
  9 jackals
  9 quokkas
  2 frilled lizards
  14 kobolds
  6 rats
192 creatures vanquished.

Vanquished Creatures (collateral kills)
  A necrophage (D:4)
  2 lemures (D:4)
  A wight (D:7)
  An adder (D:4)
  2 gnolls (D:7)
  An adder skeleton (D:4)
  A worm (D:4)
  A goblin (D:4)
10 creatures vanquished.

Grand Total: 202 creatures vanquished

Notes
Turn   | Place    | Note
-------+----------+-------------------------------------------
     0 | D:1      | jasper the Spriggan Enchanter began the quest for the Orb.
     0 | D:1      | Reached XP level 1. HP: 9/9 MP: 5/5
   603 | D:1      | Reached XP level 2. HP: 13/13 MP: 6/6
   618 | D:1      | Learned a level 2 spell: Ensorcelled Hibernation
   815 | D:1      | Reached skill level 5 in Stealth
  1169 | D:2      | Reached XP level 3. HP: 12/16 MP: 2/8
  1662 | D:2      | Reached skill level 6 in Stealth
  1662 | D:2      | Reached XP level 4. HP: 21/21 MP: 9/9
  1791 | D:2      | Noticed Sigmund
  1908 | D:2      | Killed Sigmund
  1909 | D:2      | Reached skill level 7 in Stealth
  1909 | D:2      | Reached skill level 5 in Hexes
  1909 | D:2      | Reached XP level 5. HP: 24/24 MP: 4/10
  2341 | D:3      | Learned a level 3 spell: Confusing Touch
  2345 | D:3      | Learned a level 3 spell: Tukima's Dance
  2397 | D:3      | Reached XP level 6. HP: 28/28 MP: 4/11
  2666 | D:3      | Noticed a water elemental
  2842 | D:3      | Found a faded altar of an unknown god.
  2852 | D:3      | Noticed a sky beast
  2958 | D:3      | Killed a sky beast
  2959 | D:3      | Reached skill level 8 in Stealth
  2968 | D:3      | Found a snail-covered altar of Cheibriados.
  3184 | D:3      | Found a stormy altar of Qazlal.
  3186 | D:3      | Noticed an air elemental
  3187 | D:3      | Noticed a fire elemental
  3966 | D:4      | Noticed Pikel
  4150 | D:4      | Noticed Menkaure
  4313 | D:5      | Entered Level 5 of the Dungeon
  4338 | D:5      | Reached skill level 5 in Dodging
  4338 | D:5      | Reached XP level 7. HP: 32/32 MP: 5/12
  4493 | D:4      | You fall into a shaft and drop 1 floor!
  4636 | D:5      | Reached skill level 9 in Stealth
  4849 | D:6      | Reached skill level 1 in Ice Magic
  5330 | D:6      | Reached skill level 10 in Stealth
  5348 | D:6      | Reached XP level 8. HP: 28/36 MP: 2/13
  6085 | D:7      | Reached skill level 11 in Stealth
  6142 | D:7      | Found a staircase to the Ecumenical Temple.
  6156 | Temple   | Entered the Ecumenical Temple
  6271 | Temple   | Became a worshipper of Dithmenos the Shadowed
  6398 | D:7      | Noticed an unseen horror
  6442 | D:7      | Reached skill level 12 in Stealth
  6442 | D:7      | Reached XP level 9. HP: 19/39 MP: 11/14
  6576 | D:7      | Killed an unseen horror
  6731 | D:7      | Learned a level 3 spell: Dazzling Flash
  6769 | D:7      | Reached skill level 13 in Stealth
  6779 | D:7      | Found a hazy altar of Hepliaklqana.
  6937 | D:7      | Reached * piety under Dithmenos
  7459 | D:7      | Found a sparkling altar of Nemelex Xobeh.
  7680 | D:8      | Noticed a two-headed ogre
  7691 | D:8      | Reached skill level 10 in Hexes
  7696 | D:8      | Noticed Psyche
  7828 | D:8      | Noticed Joseph
  7830 | D:8      | Noticed a polar bear
  7846 | D:8      | Killed Joseph
  7847 | D:8      | Reached skill level 14 in Stealth
  7885 | D:8      | Reached XP level 10. HP: 18/44 MP: 15/15
  8428 | D:9      | Reached skill level 15 in Stealth
  8510 | D:9      | Found Plog's Mass Market.
  8857 | D:5      | Reached ** piety under Dithmenos
  9374 | D:4      | Killed Pikel
  9541 | D:4      | Killed Menkaure
  9592 | D:4      | Found a transporter.
  9609 | D:4      | Found a transporter.
 10063 | D:8      | Noticed Grum
 10085 | D:8      | Killed Grum
 10380 | D:8      | Killed from afar by a steam dragon

Illustrated notes

Levels and vault maps discovered:
D:1:      scummos_arrival_simple_fountains, layout_loops_ring
D:2:      layout_basic, uniq_sigmund
D:3:      layout_basic, nicolae_qazlal_style_of_elements,
          kennysheep_slug_shrine, ebering_ecumenical_altar_hall,
          hangedman_decor_growths
D:4:      gammafunk_wand_slinger, layout_basic, uniq_pikel, uniq_menkaure
D:5:      layout_rooms, gup_sewer_entry_pipe
D:6:      layout_loops_corners, minmay_unpleasant_kobolds
D:7:      cheibrodos_fzero, layout_loops_cross, amcnicky_altar_gilded,
          lemuel_coloured_pillars_altar
D:8:      layout_basic, trog_butcher_becter, serial_ice, serial_ice_j,
          serial_ice_c, serial_ice_n, serial_ice_d, serial_ice_h, serial_ice_m,
          centaur_isle, uniq_psyche, uniq_joseph, uniq_grum
D:9:      mumra_celtic_spiral_tile, layout_layer_cave, minmay_shop_mass
Temple:   minmay_crystal_spiral_temple

Skill      XL: |  1  2  3  4  5  6  7  8  9 10 |
---------------+-------------------------------+-----
Stealth        | 5 6 7 8 10 12 14 15 | 15.8
Dodging        | 3 4 5 6 7 8 |  8.8
Hexes          | 4 5 6 7 8 10 11 | 11.9
Spellcasting   | 3 |  3.0
Ice Magic      | 2 3 |  3.0
Short Blades   | 4 |  4.1

Action                   |  1- 3 |  4- 6 |  7- 9 | 10-12 || total
-------------------------+-------+-------+-------+-------++-------
Melee: Dagger            |    63 |    70 |   224 |   143 ||   500
Throw: Boomerang         |    41 |    20 |     7 |       ||    68
 Cast: Ensorcelled Hiber |     7 |    48 |    70 |    42 ||   167
       Confusing Touch   |       |     1 |    15 |     7 ||    23
       Tukima's Dance    |       |     1 |     6 |     2 ||     9
       Dazzling Flash    |       |       |       |     4 ||     4
  Use: Scroll            |       |       |     9 |     6 ||    15
       Potion            |       |       |     3 |     1 ||     4
 Stab: Sleeping          |     5 |    31 |    46 |    47 ||   129
       Confused          |       |       |    18 |     8 ||    26
       Invisible         |       |       |     1 |       ||     1
Armor: Robe              |     4 |     3 |    16 |    15 ||    38
Dodge: Dodged            |    51 |    49 |   241 |   156 ||   497

Table legend: (Time is in decaauts)
 A = Elapsed time spent in this place.
 B = Non-inter-level travel time spent in this place.
 C = Inter-level travel time spent in this place.
 D = Time resting spent in this place.
 E = Time spent auto-exploring this place.
 F = Levels seen in this place.
 G = Mean time per level.
                   A        B        C        D        E       F      G
               +--------+--------+--------+--------+--------+-----+--------+
         Total |   8213 |   7872 |    341 |   2002 |   4137 |  10 |  821.3 |
       Dungeon |   8115 |   7790 |    325 |   2002 |   4059 |   9 |  901.7 |
        Temple |     98 |     83 |     15 |      0 |     78 |   1 |   98.0 |
               +--------+--------+--------+--------+--------+-----+--------+

Top non-repeatable levels by time:
     D:3: 1460 daAuts
     D:7: 1453 daAuts
     D:2: 1027 daAuts
     D:1: 918 daAuts
     D:6: 906 daAuts
     D:8: 763 daAuts
     D:5: 679 daAuts
     D:4: 648 daAuts
     D:9: 258 daAuts
  Temple: 98 daAuts
